 Dungeon Crawl Stone Soup version 0.25-a0-842-g81a31cfd23 (webtiles) character file.

Game seed: 15548726885148677007, levelgen mode: deterministic

426 Conn the Sneak (level 6, -5/38 HPs)
             Began as an Octopode Fire Elementalist on Apr 25, 2020.
             Was an Initiate of Sif Muna.
             Killed by miscasting Sticky Flame (18 damage)
             ... on level 4 of the Dungeon.
             The game lasted 00:14:54 (3903 turns).

Conn the Sneak (Octopode Fire Elementalist)         Turns: 3903, Time: 00:14:54

Health: -5/38      AC:  1    Str:  8    XL:     6   Next: 97%
Magic:  2/12       EV: 13    Int: 19    God:    Sif Muna [......]
Gold:   106        SH:  0    Dex: 12    Spells: 2/13 levels left

rFire    . . .     SeeInvis .   a - +0 dagger
rCold    . . .     Gourm    .   (no shield)
rNeg     . . .     Faith    .   (helmet restricted)
rPois    .         Spirit   .   (no amulet)
rElec    .         Reflect  .   g - ring of protection from magic
rCorr    .         Harm     .   (no ring)
MR       +....                  (no ring)
Stlth    ++++......             (no ring)
HPRegen  0.12/turn              (no ring)
MPRegen  0.13/turn              (no ring)
                                (no ring)
                                (no ring)

@: very slightly contaminated
A: almost no armour, stealthy swim, amphibious, 8 rings, constrict 8, camouflage
1, gelatinous body 1
a: Renounce Religion


You were on level 4 of the Dungeon.
You worshipped Sif Muna.
Sif Muna was noncommittal.
You were not hungry.

You visited 2 branches of the dungeon, and saw 5 of its levels.

You collected 106 gold pieces.

Inventory:

Hand Weapons
 a - a +0 dagger (weapon)
Missiles
 r - 2 atropa-tipped darts (quivered)
Jewellery
 g - a ring of protection from magic (left tentacle)
Scrolls
 c - 5 scrolls of identify
 d - a scroll of enchant armour {unknown}
 e - a scroll of remove curse
 f - a scroll of fear {unknown}
 n - a scroll of amnesia {unknown}
 o - a scroll of immolation {unknown}
 q - a scroll of enchant weapon {unknown}
Potions
 h - 2 potions of curing
 i - 2 potions of heal wounds
 j - a potion of lignification {unknown}
 k - a potion of berserk rage {unknown}
 l - a potion of degeneration {unknown}
 m - 2 potions of magic {unknown}
Comestibles
 b - 5 rations
 p - 2 chunks of flesh


   Skills:
 + Level 1.0 Fighting
 + Level 1.2 Short Blades
 + Level 2.5 Dodging
 + Level 5.2 Stealth
 * Level 4.0 Spellcasting
 + Level 2.3 Conjurations
 + Level 4.3 Fire Magic


You had 2 spell levels left.
You knew the following spells:

 Your Spells              Type           Power        Failure   Level  Hunger
a - Foxfire               Conj/Fire      ###.         3%          1    None
b - Conjure Flame         Conj/Fire      ###.....     11%         3    ###....
c - Inner Flame           Hex/Fire       ##......     17%         3    ###....
d - Sticky Flame          Conj/Fire      ###.....     34%         4    ####...

Your spell library contained the following spells:

 Spells                   Type           Power        Failure   Level  Hunger
 Fireball                 Conj/Fire      ###.......   67%         5    ######.


Dungeon Overview and Level Annotations

Branches:
Dungeon (4/15)             Temple (1/1) D:4

Altars:
Ashenzari
Cheibriados
Dithmenos
Elyvilon
Kikubaaqudgha
Makhleb
Qazlal
Sif Muna


Innate Abilities, Weirdness & Mutations

You cannot wear most types of armour.
You are very stealthy in the water. (Stealth+)
You are amphibious.
You can wear up to eight rings at the same time.
You can use your tentacles to constrict eight enemies at once.
Your skin changes colour to match your surroundings (Stealth+).
Your rubbery body absorbs attacks. (AC +1, EV +1)


Message History

The big kobold is heavily wounded.
The foxfire hits the big kobold but does no damage.
The big kobold is heavily wounded.
Casting: Foxfire (safe; 3% risk of failure)
Confirm with . or Enter, or press ? or * to list all spells.
You conjure some foxfire!
The foxfire hits the big kobold.
The big kobold is severely wounded.
The foxfire hits the big kobold.
The big kobold is severely wounded.
You see here an iguana skeleton.
Casting: Foxfire (safe; 3% risk of failure)
Confirm with . or Enter, or press ? or * to list all spells.
Aiming: Sticky Flame (dangerous; 34% risk of failure)
Press: ? - help, Shift-Dir - straight line, f - big kobold
Aim: a big kobold, wielding a +0 club (severely wounded)
You miscast Sticky Flame.
You are very lightly contaminated with residual magic.
You are caught in a fiery explosion!!
You die...

#.# #.### ## #... ...### ###.#
#....#####...#
####...#...#.###.###.
..###.......).......
#.#...######.#...### ### #.#@###
#........ #≈#
#...K#############<. #≈#######
##........# ##.#
#≈≈.....#####..######÷#######...
#≈≈≈[...#.....## #...........
##≈≈≈....#.##### ####..####.##
#≈≈≈≈......# #.......†..#
##≈≈≈..>..## #.######..##
#≈≈≈.##############..# ##.^#


You could see a big kobold.

Vanquished Creatures
  A phantom (D:4)
  2 hounds (D:4)
  An iguana (D:4)
  3 worker ants (D:4)
  2 hound skeletons (D:4)
  A gnoll (D:2)
  6 adders
  A howler monkey skeleton (D:4)
  2 oozes
  2 adder skeletons (D:4)
  A worm (D:3)
  3 dart slugs
  4 leopard geckos
  5 orcs
  8 goblins
  6 hobgoblins
  A quokka (D:3)
  3 bats
  2 frilled lizards (D:3)
  10 kobolds
  6 rats
70 creatures vanquished.

Vanquished Creatures (others)
  194 foxfires
194 creatures vanquished.

Grand Total: 264 creatures vanquished

Notes
Turn   | Place    | Note
-------+----------+-------------------------------------------
     0 | D:1      | Conn the Octopode Fire Elementalist began the quest for the
                  | Orb.
     0 | D:1      | Reached XP level 1. HP: 11/11 MP: 3/3
   207 | D:1      | Reached XP level 2. HP: 17/17 MP: 3/5
   630 | D:1      | Reached skill level 3 in Stealth
   630 | D:1      | Reached XP level 3. HP: 21/21 MP: 1/6
   867 | D:2      | Learned a level 3 spell: Conjure Flame
   871 | D:2      | Noticed an ice beast
  1056 | D:2      | Learned a level 3 spell: Inner Flame
  1645 | D:3      | Reached XP level 4. HP: 26/27 MP: 4/7
  1989 | D:3      | Reached skill level 4 in Stealth
  2713 | D:3      | Reached XP level 5. HP: 29/31 MP: 9/9
  2799 | D:3      | Found a white marble altar of Elyvilon.
  2799 | D:3      | Found a snail-covered altar of Cheibriados.
  3288 | D:4      | Noticed a phantom
  3437 | D:4      | Killed a phantom
  3437 | D:4      | Reached XP level 6. HP: 37/37 MP: 0/11
  3527 | D:4      | Learned a level 4 spell: Sticky Flame
  3542 | D:4      | Found a staircase to the Ecumenical Temple.
  3580 | Temple   | Entered the Ecumenical Temple
  3590 | Temple   | Became a worshipper of Sif Muna the Loreminder
  3652 | D:4      | Reached skill level 5 in Stealth
  3700 | D:4      | Reached skill level 1 in Fighting
  3700 | D:4      | Reached skill level 1 in Short Blades
  3903 | D:4      | Killed by miscasting Sticky Flame

Levels and vault maps discovered:
D:1:      lemuel_arrival_lava_pool, layout_rooms
D:2:      minmay_skewed_foursquare, layout_basic, hangedman_decor_growths
D:3:      layout_loops_corners, gammafunk_temple_overflow_wave, first_ration
D:4:      cheibrodos_thug_alley, layout_rooms, lemuel_doored_altar,
          temple_fountains
Temple:   chequers_temple_sunken

Skill      XL: |  1  2  3  4  5  6 |
---------------+-------------------+-----
Stealth        | 3 4 5 |  5.2
Spellcasting   | 3 4 |  4.0
Fire Magic     | 4 |  4.3
Conjurations   | 2 |  2.3
Fighting       | 1 |  1.0
Short Blades   | 1 |  1.2
Dodging        | |  2.5

Action                   |  1- 3 |  4- 6 || total
-------------------------+-------+-------++-------
Melee: Unarmed           |     8 |       ||     8
       Tentacles         |     1 |     8 ||     9
       Dagger            |     4 |    71 ||    75
       Constrict         |     2 |    14 ||    16
 Cast: Foxfire           |    39 |    71 ||   110
       Sticky Flame      |       |     1 ||     1
  Use: Scroll            |     5 |     1 ||     6
       Potion            |       |     1 ||     1
 Stab: Sleeping          |     4 |     6 ||    10
  Eat: Chunk             |     2 |     8 ||    10
Armor: Skin              |     3 |     6 ||     9
Dodge: Dodged            |    22 |    83 ||   105

Table legend:
 A = Non-vault XP
 B = Vault XP
 C = Vault XP percentage of total XP
 D = Non-vault monster count
 E = Vault monster count
 F = Vault count percentage of total count
                 A         B        C        D         E       F
            +---------+---------+-------+---------+---------+-------
      Total |     585 |      24 |   3.9 |      63 |       7 |  10.0
            +---------+---------+-------+---------+---------+-------
        D:1 |      38 |       0 |   0.0 |      19 |       0 |   0.0
        D:2 |       6 |      22 |  78.6 |       3 |       6 |  66.7
        D:3 |     104 |       0 |   0.0 |      26 |       0 |   0.0
        D:4 |     437 |       2 |   0.5 |      15 |       1 |   6.2
            +---------+---------+-------+---------+---------+-------
